 Dungeon Crawl Stone Soup version 0.31-a0-731-ga75f04d (webtiles) character file.

Game seed: 14171077252484393386

94700 BarneyGumball the Devastator (level 15, -35/86 HPs)
             Began as a Deep Elf Earth Elementalist on Sept 11, 2023.
             Was a High Priest of Vehumet.
             Killed from afar by Jorgrun (55 damage)
             ... with an entropic shot
             ... on level 15 of the Dungeon on Sept 12, 2023.
             The game lasted 01:44:30 (20901 turns).

BarneyGumball the Devastator (DEEE)                Turns: 20901, Time: 01:44:31

Health: -35/86     AC: 13    Str:  7    XL:     15   Next: 64%
Magic:  8/44       EV: 16    Int: 31    God:    Vehumet [*****.]
Gold:   790        SH:  8    Dex: 21    Spells: 11/42 levels left

rFire   + . .        u - staff "Bingo" {Contam Will++ Int+3 Earth}
rCold   + . .        L - +2 buckler
rNeg    . . .        C - +2 robe {rF+}
rPois   +            k - +2 helmet of the Boiling Point {rPois Int+2 Dex+3 Stlth+}
rElec   .            K - +0 cloak of the Shoals {+Inv rC+}
rCorr   .            Z - +2 pair of gloves {Dex+3}
SInv    .            J - +1 pair of boots
Will    +++..        g - amulet of magic regeneration
Stlth   ++++         y - +4 ring of slaying
HPRegen 0.34/turn    E - ring of magical power
MPRegen 0.69/turn

%: no passive effects
@: grasped by roots, constricted
A: no striking features
a: Renounce Religion, Evoke Invisibility


You were on level 15 of the Dungeon.
You worshipped Vehumet.
Vehumet was extremely pleased with you.
You visited 3 branches of the dungeon, and saw 21 of its levels.
You also visited: Ossuary.

You collected 1317 gold pieces.
You spent 527 gold pieces at shops.

Inventory:

Missiles
 x - 23 poisoned darts (quivered)
 O - 11 curare-tipped darts
 Q - 4 throwing nets
Armour
 a - a +0 robe of willpower
 k - the +2 helmet of the Boiling Point (worn) {rPois Int+2 Dex+3 Stlth+}
   (You found it on level 1 of the Lair of Beasts)

   Int+2:     It affects your intelligence (+2).
   Dex+3:     It affects your dexterity (+3).
   rPois:     It protects you from poison Stlth+: It makes you more stealthy.
 C - a +2 robe of fire resistance (worn)
 J - a +1 pair of boots (worn)
 K - the +0 cloak of the Shoals (worn) {+Inv rC+}
   (You bought it in a shop on level 1 of the Dungeon)

   rC+:       It protects you from cold.
   +Inv:      It lets you turn invisible.
 L - a +2 buckler (worn)
 Z - a +2 pair of gloves of dexterity (worn)
Magical Staves
 u - the staff "Bingo" (weapon) {Contam Will++ Int+3 Earth}
   (You acquired it on level 14 of the Dungeon)

   [staff of earth]

   Base accuracy: +5 Base damage: 5 Base attack delay: 1.2 This weapon's minimum
   attack delay (0.6) is reached at skill level 12.
   Int+3:     It affects your intelligence (+3).
   Will++:    It greatly increases your willpower.
   Contam:    It causes magical contamination when unequipped.
   Earth:     It increases the power of your Earth spells.
   It falls into the 'Staves' category.
   It is a one-handed weapon.
Jewellery
 g - an amulet of magic regeneration (around neck)
 y - a +4 ring of slaying (left hand)
 E - a ring of magical power (right hand)
 F - a ring of positive energy
 R - a ring of ice
 X - an amulet of regeneration
Wands
 p - a wand of digging (22)
 q - a wand of flame (25)
 D - a wand of iceblast (13)
 H - a wand of mindburst (17)
 I - a wand of acid (12)
 M - a wand of polymorph (14)
 P - a wand of paralysis (15)
Scrolls
 d - 3 scrolls of blinking
 f - 2 scrolls of noise {unknown}
 h - a scroll of immolation {unknown}
 i - 4 scrolls of enchant armour
 r - 4 scrolls of fear {unknown}
 t - 3 scrolls of teleportation
 v - a scroll of poison {unknown}
 w - a scroll of amnesia {unknown}
 A - a scroll of brand weapon {unknown}
 B - 2 scrolls of fog
 G - 2 scrolls of identify
 T - a scroll of revelation {unknown}
 V - a scroll of enchant weapon
Potions
 b - 2 potions of magic
 c - 2 potions of cancellation
 e - 5 potions of curing
 j - 2 potions of heal wounds
 l - 4 potions of haste
 m - 2 potions of mutation
 n - 5 potions of berserk rage
 o - 2 potions of attraction
 s - 2 potions of brilliance
 z - a potion of enlightenment {unknown}
 N - a potion of might
 W - 2 potions of resistance
 Y - 2 potions of lignification


   Skills:
 - Level 7.0 Fighting
 - Level 2.0 Throwing
 - Level 10.1 Dodging
 - Level 4.0 Stealth
 - Level 4.0 Shields
 - Level 14.1 Spellcasting
 + Level 15.4 Conjurations
 + Level 10.7 Summonings
 - Level 1.1 Transmutations
 - Level 13.5 Fire Magic
 - Level 8.0 Air Magic
 - Level 7.0 Earth Magic


You had 11 spell levels left.
You knew the following spells:

 Your Spells              Type           Power      Damage    Failure   Level
a - Sandblast             Erth           100%       2d20      1%          1
b - Stone Arrow           Conj/Erth      100%       3d13      1%          3
c - Fireball              Conj/Fire      42%        3d17      1%          5
d - Spellforged Servitor  Conj/Summ      40%        N/A       3%          7
e - Passwall              Tmut/Erth      52%        N/A       1%          2
f - Starburst             Conj/Fire      42%        6d12      1%          6
g - Plasma Beam           Fire/Air       36%        2x1d50    1%          6
h - Foxfire               Conj/Fire      100%       2x1d9     0%          1

Your spell library contained the following spells:

 Spells                   Type           Power      Damage    Failure   Level
 Irradiate                Conj/Tmut      32%        3d22      1%          5
 Scorch                   Fire           100%       2d9       0%          2
 Kiss of Death            Conj/Necr      100%       2d13      1%          1
 Dazzling Flash           Conj/Hex       100%       N/A       1%          3
 Ignite Poison            Fire/Tmut/Pois 51%        N/A       1%          3
 Mephitic Cloud           Conj/Pois/Air  63%        N/A       1%          3
 Swiftness                Air            64%        N/A       1%          3
 Volatile Blastmotes      Fire/Tloc      100%       2d18      1%          3
 Animate Armour           Summ/Erth      100%       N/A       1%          4
 Flame Wave               Conj/Fire      84%        2d18      1%          4
 Iskenderun's Mystic Bla  Conj/Tloc      63%        2d13      1%          4
 Sticky Flame             Conj/Fire      84%        2d10      1%          4
 Lee's Rapid Deconstruct  Erth           39%        3d19*     1%          5
 Conjure Ball Lightning   Conj/Air       38%        3x3d12    1%          6
 Leda's Unmaking          Conj/Erth      47%        9d8       1%          6
 Wereblood                Tmut           28%        N/A       3%          2
 Ensorcelled Hibernation  Hex/Ice        42%        N/A       4%          2
 Sublimation of Blood     Necr           21%        N/A       4%          2
 Petrify                  Tmut/Erth      63%        N/A       6%          4
 Vhi's Electric Charge    Tloc/Air       92%        N/A       6%          4
 Summon Cactus Giant      Summ           36%        N/A       6%          6
 Confusing Touch          Hex            21%        N/A       10%         3
 Tukima's Dance           Hex            21%        N/A       10%         3
 Yara's Violent Unravell  Hex/Tmut       12%        3d7       19%         5
 Ignition                 Fire           41%        3d12      21%         8
 Cause Fear               Hex            10%        N/A       32%         4
 Dispel Undead            Necr           21%        3d11      32%         4
 Passage of Golubria      Tloc           21%        N/A       32%         4
 Summon Hydra             Summ           36%        N/A       34%         7
 Lehudib's Crystal Spear  Conj/Erth      47%        10d11     45%         8
 Maxwell's Capacitive Co  Air            32%        ∞         87%         8
 Fire Storm               Conj/Fire      42%        8d11      88%         9
 Chain Lightning          Conj/Air       38%        3d50      99%         9
 Dragon's Call            Summ           36%        N/A       100%        9


Dungeon Overview and Level Annotations

Branches:
Dungeon (15/15)            Temple (1/1) D:7            Lair (5/5) D:11
 Spider (0/4) Lair:3        Slime (0/5) Lair:5          Orc (0/2) D:10
 Vaults (0/5) D:14        Ossuary (visited)
  Swamp: Lair:2-3    Shoals: Lair:2-3    Depths: D:15

Altars:
Ashenzari
Cheibriados
Dithmenos
Elyvilon
Fedhas
Gozag
Hepliaklqana
Kikubaaqudgha
Makhleb
Nemelex Xobeh
Okawaru
Qazlal
Ru
Sif Muna
Trog
Uskayaw
Vehumet
Wu Jian
Xom
Yredelemnul
Zin
The Shining One

Shops:
D:1 [   D:8 !   D:10 *

Annotations:
D:10 4 transporters
D:15 Jorgrun
Lair:1 Gastronok, Urug
Lair:2 3 runed translucent doors, Vaockia's ghost, journeyman KoEn


Message History

The fireball engulfs Jorgrun!!
Jorgrun is heavily wounded.
The hell knight completely misses you.
Casting: Fireball (safe; 1% risk of failure)
Confirm with . or Enter, or press ? or * to list all spells.
Casting: Plasma Beam (dangerous; 1% risk of failure)
Press: ? - help, Dir - look around, f - activate The bolt of lightning hits the hell knight.
The hell knight is heavily wounded.
The bolt of lightning misses Jorgrun.
The fiery plasma hits the hell knight.
The hell knight completely resists.
The hell knight is heavily wounded.
The fiery plasma misses Jorgrun.
You block the hell knight's attack. Jorgrun casts a spell at you.
Roots burst forth from the earth!
The grasping roots grab you! The grasping roots constrict you!
Your spellforged servitor mumbles some strange words.
The bolt of lightning hits the hell knight!
The fiery plasma misses the hell knight.
Casting: Plasma Beam (dangerous; 1% risk of failure)
Confirm with . or Enter, or press ? or * to list all spells.
Casting: Plasma Beam (dangerous; 1% risk of failure)
Press: ? - help, Dir - look around, f - activate The bolt of lightning hits the hell knight!!
You kill the hell knight!
Vehumet accepts your kill.
You feel your power returning.
The bolt of lightning hits Jorgrun!
Jorgrun is severely wounded.
The fiery plasma hits Jorgrun!
Jorgrun is severely wounded.
Jorgrun casts a spell next to you.
The wall shatters!
The blast of rock fragments hits you!! The grasping roots constrict you!!
* * * LOW HITPOINT WARNING * * *
You feel much better.
Jorgrun points at you and mumbles some strange words.
The entropic shot hits you!!!
Ouch! That really hurt!
You die...

#+###.###....# ##.
#.....)....# ##.
#..........# #.#
............##########..
##.#.####....##...###...#
... #......#.#...#.#. #
#.......#.....#..
#####......#.#...#.#.
#...@..†.##...###...#
#...).)..###### ###..
#......†.# #.#
#....9g....# ##.
###....)...# #.
#..).....# #........#
#........# .........#


You could see Jorgrun (ally target) and a friendly spellforged servitor
(summoned).

Vanquished Creatures
  An ironbound preserver (D:14)
  A dire elephant (Lair:2)
  Josephine (D:13)
  An ettin (D:15)
  Harold (D:9)
  Erolcha (D:13)
  A hydra (Lair:5)
  3 catoblepae
  Erica (Lair:1)
  3 centaur warriors
  6 boulder beetles
  A tengu warrior (D:14)
  11 death yaks
  2 two-headed ogres
  Sonja (D:13)
  A hell knight (D:15)
  3 skysharks
  11 ugly things (D:14)
  2 deep elf pyromancers (D:14)
  3 manticores
  3 cyclopes
  A manticore (shapeshifter) (D:13)
  Maurice (D:8)
  41 elephants
  2 torpor snails
  4 gargoyles
  4 black mambas
  14 cane toads
  5 kobold demonologists
  6 rime drakes
  3 efreet
  An unseen horror (D:12)
  8 komodo dragons
  A polar bear (Lair:4)
  4 trolls
  A hornet (D:11)
  Grinder (D:5)
  30 blink frogs
  12 dream sheep (Lair:4)
  16 slime creatures
  56 yaks
  5 wraiths
  A culicivora (Lair:3)
  A shadow (D:10)
  4 water elementals (D:14)
  5 wyverns
  A spriggan (Lair:2)
  5 steam dragons
  5 basilisks
  12 vampire mosquitoes
  4 acid dragons
  14 water moccasins
  2 swamp drakes (Lair:5)
  3 orc warriors
  An ogre (D:3)
  5 black bears
  A sky beast (D:4)
  An ice beast (D:6)
  25 wolves
  3 centaurs
  A phantom (D:5)
  4 kobold brigands
  12 bullfrogs
  3 gnoll sergeants
  2 scorpions
  10 wights
  A water moccasin zombie (Ossuary)
  An electric eel (D:7)
  5 howler monkeys
  3 hounds
  A gnoll bouda (D:9)
  4 jellies
  Crazy Yiuf (D:3)
  3 orc priests
  A sleepcap (D:6)
  4 iguanas
  Natasha (thrice) (D:3)
  12 orc wizards
  19 gnolls
  10 adders
  A shadow imp (D:8)
  2 white imps (D:7)
  An ufetubus (D:5)
  2 adder zombies (Ossuary)
  2 dart slugs
  3 worms
  33 orcs
  5 ball pythons
  5 endoplasms
  2 giant cockroaches (D:2)
  7 goblins
  8 hobgoblins
  2 quokkas
  2 bats (D:2)
  5 frilled lizards
  A hobgoblin zombie (Ossuary)
  6 kobolds
  An orc zombie (Ossuary)
  5 rats
  2 rat zombies (D:4)
562 creatures vanquished.

Vanquished Creatures (collateral kills)
  A centaur warrior (D:14)
  A tengu warrior (D:15)
  3 ugly things (D:14)
  A manticore (D:15)
  A guardian serpent (shapeshifter) (D:15)
7 creatures vanquished.

Vanquished Creatures (others)
  A wizard (D:15)
  27 foxfires
28 creatures vanquished.

Grand Total: 597 creatures vanquished

Notes
Turn   | Place    | Note
-------+----------+-------------------------------------------
     0 | D:1      | BarneyGumball the Deep Elf Earth Elementalist began the
                  | quest for the Orb.
     0 | D:1      | Reached XP level 1. HP: 10/10 MP: 6/6
   213 | D:1      | Reached skill level 1 in Conjurations
   221 | D:1      | Found Ylegiuz's Armour Boutique.
   230 | D:1      | Reached XP level 2. HP: 15/15 MP: 5/8
   530 | D:2      | Reached skill level 2 in Conjurations
   530 | D:2      | Reached XP level 3. HP: 19/19 MP: 9/9
   696 | D:2      | Found a faded altar of an unknown god.
   920 | D:3      | Noticed an ogre
  1018 | D:3      | Found a shadowy altar of Dithmenos.
  1049 | D:3      | Reached XP level 4. HP: 24/24 MP: 8/10
  1219 | D:3      | Reached skill level 3 in Conjurations
  1231 | D:3      | Found a runed translucent door.
  1232 | D:3      | Noticed Crazy Yiuf
  1286 | D:3      | Noticed Natasha
  1291 | D:3      | Killed Natasha
  1426 | D:3      | Noticed Natasha
  1427 | D:3      | Killed Natasha
  1428 | D:3      | Reached skill level 5 in Earth Magic
  1428 | D:3      | Reached XP level 5. HP: 28/28 MP: 9/11
  1587 | D:3      | Noticed Natasha
  1589 | D:3      | Killed Natasha
  1734 | D:4      | Found a sand-covered staircase.
  1746 | Ossuary  | Entered an ossuary
  1757 | Ossuary  | Learned a level 3 spell: Stone Arrow
  1760 | Ossuary  | Learned a level 2 spell: Passwall
  1766 | Ossuary  | Reached skill level 4 in Conjurations
  2249 | D:4      | Noticed a water moccasin
  2255 | D:4      | Killed a water moccasin
  2256 | D:4      | Reached XP level 6. HP: 27/32 MP: 1/12
  2370 | D:4      | Noticed a sky beast
  2446 | D:5      | Entered Level 5 of the Dungeon
  2463 | D:5      | Reached skill level 5 in Conjurations
  2558 | D:5      | Noticed Grinder
  2873 | D:5      | Reached XP level 7. HP: 36/36 MP: 11/13
  3180 | D:5      | Paralysed by Grinder for 3 turns
  3183 | D:5      | Killed Grinder
  3184 | D:5      | Reached skill level 6 in Conjurations
  3184 | D:5      | Reached skill level 1 in Fighting
  3467 | D:6      | Noticed a steam dragon
  3519 | D:6      | Reached XP level 8. HP: 41/45 MP: 0/14
  3664 | D:6      | Reached skill level 5 in Dodging
  4152 | D:7      | Reached skill level 1 in Throwing
  4210 | D:7      | Reached skill level 5 in Fighting
  4241 | D:7      | Found an opulent altar of Gozag.
  4313 | D:7      | Reached XP level 9. HP: 42/54 MP: 3/17
  4406 | D:7      | Found a glowing golden altar of the Shining One.
  4506 | D:7      | Reached skill level 7 in Conjurations
  4506 | D:7      | Found a shimmering altar of Xom.
  4701 | D:7      | Found a staircase to the Ecumenical Temple.
  4715 | Temple   | Entered the Ecumenical Temple
  4724 | Temple   | Became a worshipper of Vehumet
  4883 | D:8      | Noticed Maurice
  4981 | D:8      | Killed Maurice
  5275 | D:1      | Bought a +0 pair of gloves for 45 gold pieces
  5275 | D:1      | Bought a +0 helmet for 45 gold pieces
  5430 | D:3      | Killed Crazy Yiuf
  5823 | D:8      | Found a hazy altar of Hepliaklqana.
  5892 | D:8      | Found Eczib's Distillery.
  5919 | D:8      | Bought a potion of curing for 42 gold pieces
  5919 | D:8      | Bought a potion of haste for 140 gold pieces
  5982 | D:8      | Reached skill level 1 in Fire Magic
  6507 | D:9      | Learned a level 1 spell: Foxfire
  6551 | D:9      | Reached XP level 10. HP: 61/61 MP: 18/18
  6649 | D:9      | Reached skill level 8 in Conjurations
  6850 | D:9      | Reached * piety under Vehumet
  6850 | D:9      | Offered knowledge of Kiss of Death by Vehumet.
  6968 | D:9      | Noticed Harold
  6973 | D:9      | Killed Harold
  6974 | D:9      | Reached skill level 5 in Fire Magic
  7631 | D:10     | Entered Level 10 of the Dungeon
  7701 | D:10     | Found a transporter.
  7740 | D:10     | Found a transporter.
  7823 | D:10     | Found Fiun's Assorted Antiques.
  7839 | D:10     | Found a flagged portal.
  7935 | D:10     | Reached skill level 9 in Conjurations
  8067 | D:10     | Found a sparkling altar of Nemelex Xobeh.
  8137 | D:10     | Found a transporter.
  8357 | D:10     | Noticed a two-headed ogre
  8365 | D:10     | Killed a two-headed ogre
  8441 | D:10     | Found a staircase to the Orcish Mines.
  8555 | D:10     | Found a transporter.
  8598 | D:11     | Noticed a gargoyle
  8685 | D:11     | Noticed a manticore
  8690 | D:11     | Killed a manticore
  8896 | D:11     | Noticed a gargoyle
  8901 | D:11     | Killed a gargoyle
  8902 | D:11     | Reached skill level 10 in Conjurations
  9123 | D:11     | Noticed a cyclops
  9128 | D:11     | Killed a cyclops
  9129 | D:11     | Reached XP level 11. HP: 66/66 MP: 8/19
  9136 | D:11     | Learned a level 5 spell: Fireball
  9360 | D:11     | Reached skill level 11 in Conjurations
  9490 | D:11     | Found a staircase to the Lair.
  9543 | D:11     | Reached ** piety under Vehumet
  9543 | D:11     | Offered knowledge of Momentum Strike by Vehumet.
  9796 | D:11     | Noticed a sun demon
  9991 | Lair:1   | Entered Level 1 of the Lair of Beasts
 10062 | Lair:1   | Identified the +2 helmet of the Boiling Point {rPois Int+2
                  | Dex+3 Stlth+}
 10403 | Lair:1   | Noticed Gastronok
 10416 | Lair:1   | Noticed Urug
 10594 | Lair:1   | Noticed a death yak
 10603 | Lair:1   | Reached skill level 1 in Shields
 10696 | Lair:1   | Reached skill level 12 in Conjurations
 10764 | Lair:1   | Noticed a catoblepas
 10790 | Lair:1   | Killed a catoblepas
 10819 | Lair:1   | Noticed Erica
 10872 | Lair:1   | Reached skill level 10 in Fire Magic
 10906 | Lair:1   | Identified the +6 quarterstaff of Moral Flaws {holy, rC+}
 11123 | Lair:1   | Killed Erica
 11124 | Lair:1   | Reached XP level 12. HP: 72/72 MP: 20/20
 11189 | Lair:1   | Noticed a death yak
 11201 | Lair:1   | Killed a death yak
 11218 | Lair:1   | Killed a death yak
 11459 | Lair:2   | Offered knowledge of Inner Flame by Vehumet.
 11748 | Lair:2   | Reached skill level 1 in Air Magic
 11775 | Lair:2   | Reached skill level 10 in Dodging
 11914 | Lair:2   | Reached skill level 13 in Conjurations
 11931 | Lair:2   | Noticed a dire elephant
 11990 | Lair:2   | Reached *** piety under Vehumet
 12357 | Lair:2   | Killed a dire elephant
 12381 | Lair:2   | Reached XP level 13. HP: 65/76 MP: 19/21
 12422 | Lair:2   | Learned a level 6 spell: Starburst
 12533 | Lair:2   | Offered knowledge of Flame Wave by Vehumet.
 12582 | Lair:2   | Reached skill level 5 in Air Magic
 12909 | Lair:2   | Found a runed translucent gate.
 12910 | Lair:2   | Found a runed translucent gate.
 12912 | Lair:2   | Found a runed translucent gate.
 12917 | Lair:2   | Noticed Vaockia's ghost (journeyman KoEn)
 12989 | Lair:3   | Found a dark tunnel.
 13080 | Lair:3   | Reached skill level 5 in Spellcasting
 13171 | Lair:3   | Reached skill level 14 in Conjurations
 13314 | Lair:3   | Found a hole to the Spider Nest.
 13320 | Lair:3   | Reached **** piety under Vehumet
 13495 | Lair:3   | Offered knowledge of Mephitic Cloud by Vehumet.
 13519 | Lair:3   | Learned a level 6 spell: Plasma Beam
 14903 | Lair:4   | Reached XP level 14. HP: 82/82 MP: 23/28
 15074 | Lair:4   | Reached ***** piety under Vehumet
 15079 | Lair:4   | Offered knowledge of Spellforged Servitor by Vehumet.
 15138 | Lair:4   | Learned a level 7 spell: Spellforged Servitor
 15223 | Lair:4   | Reached skill level 1 in Summonings
 15493 | Lair:5   | Entered Level 5 of the Lair of Beasts
 15527 | Lair:5   | Found a staircase to the Slime Pits.
 15691 | Lair:5   | Reached skill level 10 in Spellcasting
 15947 | Lair:5   | Reached skill level 15 in Conjurations
 16085 | Lair:5   | Offered knowledge of Irradiate by Vehumet.
 16145 | Lair:5   | Reached skill level 5 in Summonings
 17650 | D:13     | Noticed Erolcha
 17708 | D:12     | Found a stormy altar of Qazlal.
 17753 | D:12     | Identified the +5 leather armour of the Nightmares {+Blink
                  | Str+4 Slay+6}
 18042 | D:13     | Killed Erolcha
 18043 | D:13     | Reached XP level 15. HP: 64/86 MP: 27/33
 18266 | D:13     | Noticed Sonja
 18396 | D:13     | Noticed Josephine
 18407 | D:13     | Killed Josephine
 18430 | D:13     | Killed Sonja
 19055 | D:1      | Bought the +0 cloak of the Shoals {+Inv rC+} for 255 gold
                  | pieces
 19631 | D:14     | Found a gate to the Vaults.
 19715 | D:14     | Identified 2 scrolls of acquirement
 19715 | D:14     | Acquired Lehudib's Vellum of Felsic Blasting
 19897 | D:14     | Acquired the staff "Bingo" {Contam Will++ Int+3 Earth}
 19966 | D:14     | Reached skill level 10 in Summonings
 20275 | D:14     | Got the Anthology of the Doomed Traveller
 20566 | D:15     | Entered Level 15 of the Dungeon
 20688 | D:15     | Found a shimmering blue altar of Sif Muna.
 20892 | D:15     | Noticed Jorgrun
 20901 | D:15     | Killed from afar by Jorgrun

Illustrated notes

Levels and vault maps discovered:
D:1:      nzn_arrival_depleted_hourglass, layout_rooms, serial_shops, shop
D:2:      layout_rooms, shapermc_ecumenical_altar_pompeii
D:3:      layout_loops_ring, grunt_dithmenos_smoke_and_mirrors, uniq_natasha,
          uniq_crazy_yiuf_cottage
D:4:      layout_cave_pods, enter_ossuary_4
D:5:      layout_loops_cross, uniq_grinder
D:6:      layout_loops_cross
D:7:      layout_rooms, nicolae_overflow_squiral, mainiacjoe_overflow_chevrons,
          temple_fountains
D:8:      layout_rooms, mainiacjoe_overflow_small_starburst, serial_shops, shop,
          dk_vineyard_2, uniq_maurice
D:9:      layout_grid_maze, uniq_harold
D:10:     layout_loops_corners, nemelex_xobeh_ov_fountains_minmay, orc_0_dummy,
          enter_bailey_5, serial_shops, shop, nicolae_diode_intersection
D:11:     layout_irregular_city, grunt_lair_entry_orc_guard_hut,
          serial_column_ruins, column_ruins_open_tiny_water,
          column_ruins_open_small, column_ruins_open_small,
          column_ruins_corridor_straight, minmay_three_doors
D:12:     layout_cave_pools, nicolae_qazlal_style_of_elements
D:13:     layout_basic, uniq_erolcha, uniq_josephine, uniq_sonja
D:14:     layout_basic, skrybe_vaults_entry_preservation,
          amcnicky_mini_rare_corridor_liquid
D:15:     hangedman_depths_entry_civil_slaughter, layout_basic, enter_trove_6,
          drop_trap, nicolae_twisting_strands, led_sif_pool, uniq_jorgrun
Temple:   nicolae_temple_superstar
Lair:1:   layout_cave_pods, st_stairs_12, serial_bayou_shore_b,
          serial_bayou_shore_b, grunt_megastairs_3, uniq_urug, uniq_erica,
          uniq_gastronok
Lair:2:   mu_elephants_graveyard, layout_regular_city, palyth_hydra_swamp_entry,
          gammafunk_ghost_necromancy
Lair:3:   layout_long_grid, spider_nest_entry_rubble,
          nicolae_volcano_entry_lava_flow, gauntlet_entry_generic,
          beast_lair_carwin_10, grunt_megastairs_2, infiniplex_staircase_pool_2,
          lemuel_fruit_fields
Lair:4:   layout_long_grid, grunt_megastairs_1, serial_bayou_shore_b
Lair:5:   guppyfry_lair_end_dragon, layout_long_grid, hangedman_lair_in_review,
          slime_entry_1

Skill      XL: |  1  2  3  4  5  6  7  8  9 10 11 12 13 14 15 |
---------------+----------------------------------------------+-----
Conjurations   | 1 2 3 4 5 6 7 10 12 13 14 15 | 15.4
Earth Magic    | 4 5 6 7 |  7.0
Fighting       | 2 5 6 7 |  7.0
Dodging        | 4 6 8 9 10 | 10.1
Throwing       | 2 |  2.0
Spellcasting   | 4 8 12 14 | 14.1
Fire Magic     | 3 7 10 11 13 | 13.5
Shields        | 2 4 |  4.0
Air Magic      | 4 7 8 |  8.0
Summonings     | 7 10 | 10.7
Stealth        | 3 4 |  4.0
Transmutations | |  1.1

Action                     |  1- 3 |  4- 6 |  7- 9 | 10-12 | 13-15 || total
---------------------------+-------+-------+-------+-------+-------++-------
  Melee: Dagger            |     1 |       |       |       |       ||     1
         Short sword       |       |       |     4 |     4 |     4 ||    12
  Throw: Dart              |       |       |     2 |    37 |    26 ||    65
         Throwing net      |       |       |       |       |     1 ||     1
   Cast: Sandblast         |    45 |    53 |    29 |    12 |     6 ||   145
         Stone Arrow       |       |    10 |   124 |   342 |   500 ||   976
         Foxfire           |       |       |       |    14 |     2 ||    16
         Fireball          |       |       |       |     3 |    67 ||    70
         Plasma Beam       |       |       |       |       |    60 ||    60
         Starburst         |       |       |       |       |     2 ||     2
         Spellforged Servi |       |       |       |       |     4 ||     4
    Use: Scroll            |       |     4 |     4 |     6 |     8 ||    22
         Potion            |       |       |       |     2 |     4 ||     6
   Stab: Sleeping          |     1 |       |     1 |       |       ||     2
 Armour: Robe              |       |    22 |    20 |    64 |    83 ||   189
  Dodge: Dodged            |     3 |    17 |    12 |    77 |    96 ||   205
  Block: Buckler           |       |       |       |    27 |    62 ||    89

Table legend: (Time is in decaauts)
 A = Elapsed time spent in this place.
 B = Non-inter-level travel time spent in this place.
 C = Inter-level travel time spent in this place.
 D = Time resting spent in this place.
 E = Time spent auto-exploring this place.
 F = Levels seen in this place.
 G = Mean time per level.
                   A        B        C        D        E       F      G
               +--------+--------+--------+--------+--------+-----+--------+
         Total |  21044 |  18779 |   2265 |   2171 |  11533 |  22 |  956.5 |
       Dungeon |  13946 |  12037 |   1909 |    845 |   8497 |  15 |  929.7 |
        Temple |     18 |      3 |     15 |      0 |      0 |   1 |   18.0 |
          Lair |   7040 |   6700 |    340 |   1326 |   3035 |   5 | 1408.0 |
       Ossuary |     38 |     38 |      0 |      0 |      0 |   1 |   38.0 |
               +--------+--------+--------+--------+--------+-----+--------+

Top non-repeatable levels by time:
     D:9: 1577 daAuts
  Lair:5: 1518 daAuts
    D:11: 1494 daAuts
  Lair:3: 1487 daAuts
  Lair:1: 1477 daAuts
  Lair:2: 1460 daAuts
    D:14: 1346 daAuts
    D:10: 1184 daAuts
  Lair:4: 1097 daAuts
     D:4: 1093 daAuts
     D:6: 1054 daAuts
     D:3: 995 daAuts
     D:7: 876 daAuts
     D:5: 843 daAuts
    D:13: 830 daAuts
